MLB
ATLANTA BRAVES @ TEXAS RANGERS
07/17/2041
 
TOP OF THE 1ST
Atlanta Braves batting - Pitching for Texas Rangers : RHP Jerry Hartman
Pitching: RHP Jerry Hartman
Batting: LHB Bob Hansen 0-0: Ball
1-0: Called Strike
1-1: DOUBLE (Line Drive, 78XD, EV 105.6 MPH)
Batting: RHB Andy Scott 0-0: Ball
1-0: Called Strike
1-1: Ball
2-1: Ground out 5-3 (Groundball, 56S, EV 70.0 MPH)
Bob Hansen to third
Batting: LHB Orlando Cháves 0-0: Called Strike
0-1: Ball
1-1: Ball
2-1: Foul Ball, location: 3FF
2-2: Fly out, F9 (Line Drive, 9, EV 107.5 MPH)
Batting: LHB Rob Blanchard 0-0: Ball
1-0: Ball
2-0: Ball
3-0: Base on Balls
Batting: RHB Cale Scutt 0-0: Ball
1-0: Ball
2-0: Ball
3-0: Called Strike
3-1: Foul Ball, location: 2F
3-2: Ground out 6-3 (Groundball, 56, EV 88.8 MPH)
Top of the 1st over - 0 runs, 1 hit, 0 errors, 2 left on base; Atlanta 0 - Texas 0
BOTTOM OF THE 1ST
Texas Rangers batting - Pitching for Atlanta Braves : LHP Josh Thomas
Pitching: LHP Josh Thomas
Batting: RHB Jon Morton 0-0: Foul Ball, location: 25FF
0-1: Ball
1-1: Ball
2-1: Ground out 6-3 (Groundball, 4M, EV 106.9 MPH)
Batting: RHB Gilberto López 0-0: Swinging Strike
0-1: Ball
1-1: Ball
2-1: Called Strike
2-2: Fly out, F3 (Popup, 3S, EV 73.8 MPH)
Batting: LHB Bob Armstrong 0-0: Called Strike
0-1: Fly out, F9 (Flyball, 9D, EV 96.3 MPH)
Bottom of the 1st over - 0 runs, 0 hits, 0 errors, 0 left on base; Atlanta 0 - Texas 0
TOP OF THE 2ND
Atlanta Braves batting - Pitching for Texas Rangers : RHP Jerry Hartman
Batting: LHB Andy Simmons 0-0: Ball
1-0: Ground out 1-3 (Groundball, P, EV 73.1 MPH)
Batting: RHB Ted Coleman 0-0: Ball
1-0: Fly out, F5 (Popup, 56S, EV 69.4 MPH)
Batting: RHB Juan Cuevas 0-0: Ball
1-0: Foul Ball, location: 5FF
1-1: Ball
2-1: Foul Ball, location: 25FF
2-2: Ball
3-2: Foul Ball, location: 23FF
3-2: Foul Ball, location: 5SF
3-2: Fly out, F9 (Flyball, 89S, EV 84.4 MPH)
Top of the 2nd over - 0 runs, 0 hits, 0 errors, 0 left on base; Atlanta 0 - Texas 0
BOTTOM OF THE 2ND
Texas Rangers batting - Pitching for Atlanta Braves : LHP Josh Thomas
Batting: RHB Don Stringfield 0-0: Foul Ball, location: 9LDF
0-1: Ball
1-1: Ground out 5-3 (Groundball, 25, EV 86.9 MPH)
Batting: RHB Jesús Tucker 0-0: Called Strike
0-1: Ball
1-1: Fly out, F6 (Line Drive, 6M, EV 70.6 MPH)
Batting: RHB Gilberto Soto 0-0: Ball
1-0: Foul Ball, location: 9LMF
1-1: Called Strike
1-2: Ball
2-2: Ball
3-2: Foul Ball, location: 3F
3-2: Fly out, F4 (Popup, 4D, EV 42.5 MPH)
Bottom of the 2nd over - 0 runs, 0 hits, 0 errors, 0 left on base; Atlanta 0 - Texas 0
TOP OF THE 3RD
Atlanta Braves batting - Pitching for Texas Rangers : RHP Jerry Hartman
Batting: RHB Alex Fleming 0-0: Ball
1-0: Foul Ball, location: 23FF
1-1: Ball
2-1: SINGLE (Groundball, 5D, EV 103.1 MPH)
Batting: LHB Bob Hansen 0-0: Ball
1-0: Called Strike
1-1: Ball
2-1: Called Strike
2-2: Strikes out swinging
Batting: RHB Andy Scott 0-0: Ball
1-0: Fly out, F9 (Flyball, 9S, EV 85.6 MPH)
Batting: LHB Orlando Cháves 0-0: Ball
1-0: Ball
2-0: 2-RUN HOME RUN (Flyball, 7D, EV 98.1 MPH), Distance : 375 ft
Batting: LHB Rob Blanchard 0-0: Ball
1-0: Called Strike
1-1: Ground out U3 (Groundball, 3, EV 84.4 MPH)
Top of the 3rd over - 2 runs, 2 hits, 0 errors, 0 left on base; Atlanta 2 - Texas 0
BOTTOM OF THE 3RD
Texas Rangers batting - Pitching for Atlanta Braves : LHP Josh Thomas
Batting: RHB Dumadi Mainaky 0-0: Ball
1-0: Ball
2-0: Called Strike
2-1: SINGLE (Flyball, 89S, EV 95.0 MPH)
Batting: LHB David Manuel 0-0: Sac Bunt to 15S - play at first, batter OUT! 1-3
Dumadi Mainaky to second
Batting: LHB Víctor Cortés 0-0: Called Strike
0-1: Swinging Strike
0-2: Ball
1-2: Ball
2-2: Strikes out looking
Batting: RHB Jon Morton 0-0: Ball
1-0: Called Strike
1-1: Ball
2-1: Ball
3-1: Swinging Strike
3-2: Base on Balls
Batting: RHB Gilberto López 0-0: Ball
1-0: Ball
2-0: Foul Ball, location: 9LMF
2-1: Foul Ball, location: 3DF
2-2: Foul Ball, location: 7LMF
2-2: Strikes out swinging
Bottom of the 3rd over - 0 runs, 1 hit, 0 errors, 2 left on base; Atlanta 2 - Texas 0
TOP OF THE 4TH
Atlanta Braves batting - Pitching for Texas Rangers : RHP Jerry Hartman
Batting: RHB Cale Scutt 0-0: Ball
1-0: Called Strike
1-1: Foul Ball, location: 9LMF
1-2: Foul Ball, location: 5F
1-2: Ball
2-2: Fly out, F8 (Flyball, 8LXD, EV 91.9 MPH)
Batting: LHB Andy Simmons 0-0: Called Strike
0-1: Ball
1-1: Ball
2-1: Swinging Strike
2-2: Strikes out swinging
Batting: RHB Ted Coleman 0-0: Foul Ball, location: 7LDF
0-1: Ball
1-1: Called Strike
1-2: Foul Ball, location: 2LF
1-2: Strikes out swinging
Top of the 4th over - 0 runs, 0 hits, 0 errors, 0 left on base; Atlanta 2 - Texas 0
BOTTOM OF THE 4TH
Texas Rangers batting - Pitching for Atlanta Braves : LHP Josh Thomas
Batting: LHB Bob Armstrong 0-0: Foul Ball, location: 5SF
0-1: Ground out 4-3 (Groundball, 4M, EV 80.6 MPH)
Batting: RHB Don Stringfield 0-0: Ball
1-0: Ball
2-0: Ball
3-0: Base on Balls
Batting: RHB Jesús Tucker 0-0: Ball
1-0: Swinging Strike
1-1: Foul Ball, location: 25F
1-2: Ball
2-2: Foul Ball, location: 9LDF
2-2: Ball
3-2: Foul Ball, location: 2F
3-2: Foul Ball, location: 2LF
3-2: DOUBLE (Line Drive, 78XD, EV 107.5 MPH)
Don Stringfield to third
Runner from 3rd tries for Home, SAFE, no throw by CF
Batting: RHB Gilberto Soto 0-0: Ground out 4-3 (Groundball, 4M, EV 107.5 MPH)
Jesús Tucker to third
Batting: RHB Dumadi Mainaky 0-0: SINGLE (Groundball, 23, EV 64.4 MPH) (infield hit)
Jesús Tucker scores
Batting: LHB David Manuel 0-0: Called Strike
0-1: Fly out, F2 (Popup, 2L, EV 88.1 MPH)
Bottom of the 4th over - 2 runs, 2 hits, 0 errors, 1 left on base; Atlanta 2 - Texas 2
TOP OF THE 5TH
Atlanta Braves batting - Pitching for Texas Rangers : RHP Jerry Hartman
Batting: RHB Juan Cuevas 0-0: SINGLE (Line Drive, 8RS, EV 95.0 MPH)
Batting: RHB Alex Fleming 0-0: Ball
Juan Cuevas is caught stealing 2nd base 2-4
1-0: Ball
2-0: Ball
3-0: Called Strike
3-1: Foul Ball, location: 7LSF
3-2: Hit by Pitch
Batting: LHB Bob Hansen 0-0: Ball
1-0: DOUBLE (Line Drive, 7LS, EV 107.5 MPH)
Alex Fleming to third
Runner from 3rd tries for Home, SAFE, no throw by LF
Batting: RHB Andy Scott 0-0: Ball
1-0: Ball
2-0: Called Strike
2-1: Ground out 4-3 (Groundball, 34D, EV 100.0 MPH)
Bob Hansen to third
Batting: LHB Orlando Cháves 0-0: Called Strike
0-1: Fly out, F8 (Flyball, 8LD, EV 91.3 MPH)
Top of the 5th over - 1 run, 2 hits, 0 errors, 1 left on base; Atlanta 3 - Texas 2
BOTTOM OF THE 5TH
Texas Rangers batting - Pitching for Atlanta Braves : LHP Josh Thomas
Batting: LHB Víctor Cortés 0-0: Ball
1-0: Called Strike
1-1: Foul Ball, location: 7LDF
1-2: Ball
2-2: Foul Ball, location: 23F
2-2: Strikes out swinging
Batting: RHB Jon Morton 0-0: Called Strike
0-1: Ball
1-1: Foul Ball, location: 9LDF
1-2: Strikes out swinging
Batting: RHB Gilberto López 0-0: Called Strike
0-1: Ground out 5-3 (Groundball, 56, EV 109.4 MPH)
Bottom of the 5th over - 0 runs, 0 hits, 0 errors, 0 left on base; Atlanta 3 - Texas 2
TOP OF THE 6TH
Atlanta Braves batting - Pitching for Texas Rangers : RHP Jerry Hartman
Batting: LHB Rob Blanchard 0-0: Ground out 4-3 (Groundball, 4, EV 91.9 MPH)
Batting: RHB Cale Scutt 0-0: SINGLE (Groundball, 34D, EV 100.0 MPH)
Batting: LHB Andy Simmons 0-0: Called Strike
0-1: Ground out 5-3 (Groundball, 6S, EV 66.9 MPH)
Cale Scutt to second
Batting: RHB Ted Coleman 0-0: Ball
1-0: Fly out, F8 (Flyball, 8LM, EV 90.6 MPH)
Top of the 6th over - 0 runs, 1 hit, 0 errors, 1 left on base; Atlanta 3 - Texas 2
BOTTOM OF THE 6TH
Texas Rangers batting - Pitching for Atlanta Braves : LHP Josh Thomas
Batting: LHB Bob Armstrong 0-0: Called Strike
0-1: Fly out, F7 (Flyball, 78XD, EV 109.4 MPH)
Batting: RHB Don Stringfield 0-0: Ground out 6-3 (Groundball, 56, EV 106.9 MPH)
Batting: RHB Jesús Tucker 0-0: Foul Ball, location: 9LDF
0-1: Ball
1-1: Swinging Strike
1-2: SINGLE (Line Drive, 7LS, EV 104.4 MPH)
Batting: RHB Gilberto Soto 0-0: Fielders Choice at 2nd, 5-4 (Groundball, 56, EV 86.9 MPH)
Bottom of the 6th over - 0 runs, 1 hit, 0 errors, 1 left on base; Atlanta 3 - Texas 2
TOP OF THE 7TH
Atlanta Braves batting - Pitching for Texas Rangers : RHP Jerry Hartman
Batting: RHB Juan Cuevas 0-0: Called Strike
0-1: Ground out 4-3 (Groundball, 4, EV 81.3 MPH)
Batting: RHB Alex Fleming 0-0: Foul Ball, location: 23F
0-1: Ball
1-1: Ball
2-1: Ball
3-1: Foul Ball, location: 7LSF
3-2: Ground out 5-3 (Groundball, 5L, EV 81.9 MPH)
Batting: LHB Bob Hansen 0-0: Called Strike
0-1: Foul Ball, location: 7LSF
0-2: Ball
1-2: Strikes out looking
Top of the 7th over - 0 runs, 0 hits, 0 errors, 0 left on base; Atlanta 3 - Texas 2
BOTTOM OF THE 7TH
Texas Rangers batting - Pitching for Atlanta Braves : LHP Josh Thomas
Batting: RHB Dumadi Mainaky 0-0: Ground out U3 (Groundball, 13, EV 80.0 MPH)
Pinch Hitting: RHB Rod Stokes 0-0: Called Strike
0-1: Swinging Strike
0-2: DOUBLE (Flyball, 8LXD, EV 105.0 MPH)
Batting: LHB Víctor Cortés 0-0: Ground out 4-3 (Groundball, 4, EV 83.1 MPH)
Rod Stokes to third
Batting: RHB Jon Morton 0-0: Ball
1-0: Ball
2-0: Ball
3-0: Foul Ball, location: 2F
3-1: Foul Ball, location: 9LSF
3-2: Strikes out swinging
Bottom of the 7th over - 0 runs, 1 hit, 0 errors, 1 left on base; Atlanta 3 - Texas 2
TOP OF THE 8TH
Atlanta Braves batting - Pitching for Texas Rangers : RHP Jerry Hartman
Pitching: RHP Ron King
Now in RF: José Carlos Ferreira
Batting: RHB Andy Scott 0-0: Ball
1-0: Fly out, F9 (Flyball, 89S, EV 93.1 MPH)
Batting: LHB Orlando Cháves 0-0: Ball
1-0: Ball
2-0: Called Strike
2-1: Ball
3-1: Called Strike
3-2: Fly out, F8 (Line Drive, 8LD, EV 102.5 MPH)
Batting: LHB Rob Blanchard 0-0: Ball
1-0: SOLO HOME RUN (Flyball, 89XD, EV 95.6 MPH), Distance : 385 ft
Batting: RHB Cale Scutt 0-0: Ball
1-0: Foul Ball, location: 25FF
1-1: Foul Ball, location: 5DF
1-2: Ground out 5-3 (Groundball, 56S, EV 87.5 MPH)
Top of the 8th over - 1 run, 1 hit, 0 errors, 0 left on base; Atlanta 4 - Texas 2
BOTTOM OF THE 8TH
Texas Rangers batting - Pitching for Atlanta Braves : LHP Josh Thomas
Now in LF: Ted Coleman
Now in RF: Wilson Ramírez
Batting: RHB Gilberto López 0-0: Ground out 2-3 (Groundball, 2L, EV 75.0 MPH)
Batting: LHB Bob Armstrong 0-0: Called Strike
0-1: Ground out 4-3 (Groundball, 34, EV 110.0 MPH)
Batting: RHB Don Stringfield 0-0: Ball
1-0: Foul Ball, location: 2F
1-1: Ground out 5-3 (Groundball, 56, EV 97.5 MPH)
Bottom of the 8th over - 0 runs, 0 hits, 0 errors, 0 left on base; Atlanta 4 - Texas 2
TOP OF THE 9TH
Atlanta Braves batting - Pitching for Texas Rangers : RHP Ron King
Batting: LHB Andy Simmons 0-0: Ball
1-0: Ball
2-0: Fly out, F8 (Flyball, 78S, EV 95.0 MPH)
Batting: RHB Ted Coleman 0-0: Swinging Strike
0-1: Swinging Strike
0-2: Ball
1-2: Strikes out swinging
Batting: RHB Juan Cuevas 0-0: Swinging Strike
0-1: Swinging Strike
0-2: Foul Ball, location: 9LSF
0-2: Strikes out swinging
Top of the 9th over - 0 runs, 0 hits, 0 errors, 0 left on base; Atlanta 4 - Texas 2
BOTTOM OF THE 9TH
Texas Rangers batting - Pitching for Atlanta Braves : LHP Josh Thomas
Pitching: LHP Jeff West
Batting: RHB Jesús Tucker 0-0: Ball
1-0: Ground out U3 (Groundball, 34, EV 103.1 MPH)
Batting: RHB Gilberto Soto 0-0: Foul Ball, location: 9LSF
0-1: Foul Ball, location: 5FF
0-2: Strikes out swinging
Batting: RHB Dumadi Mainaky 0-0: Ground out 5-3 (Groundball, 56S, EV 82.5 MPH)
Bottom of the 9th over - 0 runs, 0 hits, 0 errors, 0 left on base; Atlanta 4 - Texas 2
Sunday, March 24th , 2024 - OOTP Baseball 24.10 Build 82